 Dungeon Crawl Stone Soup version 0.27-a0-1149-g4505690ab0 (webtiles) character file.

Game seed: 2953121207756831080

102 leviel the Shield-Bearer (level 4, -11/40 HPs)
             Began as a Minotaur Fighter on May 13, 2021.
             Mangled by an ogre
             ... wielding a +0 giant spiked club
              (24 damage)
             ... on level 3 of the Dungeon.
             The game lasted 00:02:14 (1782 turns).

leviel the Shield-Bearer (Minotaur Fighter)         Turns: 1782, Time: 00:02:14

Health: -11/40     AC:  7    Str: 22    XL:     4   Next: 49%
Magic:  3/3        EV:  7    Int:  5    God:
Gold:   124        SH:  9    Dex:  9    Spells: 3/3 levels left

rFire    . . .     SeeInvis .   a - +0 war axe
rCold    . . .     Faith    .   c - +0 kite shield
rNeg     . . .     Spirit   .   b - +0 scale mail
rPois    .         Reflect  .   (helmet restricted)
rElec    .         Harm     .   (no cloak)
rCorr    .         Rampage  .   (no gloves)
Will     .....                  (no boots)
Stlth    ..........             (no amulet)
HPRegen  0.13/turn              (no ring)
MPRegen  0.08/turn              (no ring)

@: no status effects
A: horns 2, retaliatory headbutt
a: no special abilities


You were on level 3 of the Dungeon.
You visited 1 branch of the dungeon, and saw 3 of its levels.

You collected 124 gold pieces.

Inventory:

Hand Weapons
 a - a +0 war axe (weapon)
Missiles
 n - 15 poisoned darts (quivered)
Armour
 b - a +0 scale mail (worn)
 c - a +0 kite shield (worn)
Scrolls
 i - a scroll of vulnerability {unknown}
 k - 2 scrolls of teleportation {unknown}
 l - a scroll of amnesia {unknown}
 m - 3 scrolls of silence {unknown}
 o - a scroll of enchant armour {unknown}
 p - a scroll of identify {@r1}
 q - a scroll of enchant weapon {unknown}
Potions
 d - a potion of might
 e - 2 potions of curing
 f - 2 potions of brilliance {unknown}
 g - a potion of haste {unknown}
 h - 2 potions of degeneration {unknown}
 j - a potion of magic {unknown}


   Skills:
 + Level 4.1 Fighting
 + Level 3.4 Axes
 + Level 0.3 Throwing
 + Level 4.4 Armour
 - Level 0.2 Dodging
 - Level 0.5 Stealth
 + Level 4.6 Shields


You had 3 spell levels left.
You didn't know any spells.
Your spell library was empty.

Dungeon Overview and Level Annotations

Branches:
Dungeon (3/15)

Altars:


Innate Abilities, Weirdness & Mutations

You have a pair of horns on your head.
You reflexively headbutt those who attack you in melee.


Message History

You kill the jackal!
No target in view!
You now have 124 gold pieces (gained 11).
You see here a jackal corpse.
f - 2 sapphire potions (gained 1)
A goblin comes into view. It is wielding a +0 club.
The goblin shouts!
The goblin moves out of view.
A goblin is nearby!
The goblin hits you but does no damage.
You slash the goblin!
You kill the goblin!
No target in view!
No target in view!
No target in view!
No target in view!
No target in view!
No target in view!
No target in view!
No target in view!
No target in view!
No target in view!
No target in view!
Things that are here:
a +0 club; a goblin corpse An ogre comes into view.
It is wielding a +0 giant spiked club.
The ogre shouts!
An ogre is nearby!
An ogre is nearby!
You block the ogre's attack.
You hit the ogre.
The ogre is lightly wounded.
The ogre hits you with a +0 giant spiked club!!
Ouch! That really hurt!
You are too injured to fight recklessly!
You hit the ogre.
The ogre is moderately wounded.
The ogre hits you with a +0 giant spiked club!!
Ouch! That really hurt!
You die...

#######.......##
#.....>....###..##
..######.###
#)..## ########.#
##...## .......#.#
##...####++
.......#.#
#.........
.........#
##...######
........## #....#
.......## #.@..#
.......#
#.....O..#
.......#
#..###.##..#
.......# . .. #.#
.......# ..# .#
######## #.# .# #.
#.


You could see an ogre.

Vanquished Creatures
  3 adders (D:2)
  A dart slug (D:1)
  3 bats
  9 endoplasms
  5 goblins
  A hobgoblin (D:1)
  16 jackals
  7 kobolds
  6 quokkas
  4 ball pythons
  2 frilled lizards
  6 rats
63 creatures vanquished.

Notes
Turn   | Place    | Note
-------+----------+-------------------------------------------
     0 | D:1      | leviel the Minotaur Fighter began the quest for the Orb.
     0 | D:1      | Reached XP level 1. HP: 19/19 MP: 0/0
   322 | D:1      | Reached XP level 2. HP: 27/27 MP: 1/1
   932 | D:2      | Reached XP level 3. HP: 28/33 MP: 2/2
  1397 | D:2      | Reached XP level 4. HP: 40/40 MP: 3/3
  1777 | D:3      | Noticed an ogre
  1782 | D:3      | Mangled by an ogre

Illustrated notes

Levels and vault maps discovered:
D:1:      dpeg_arrival_arbitrary_a, layout_basic
D:2:      kennysheep_six_static_rooms, layout_basic
D:3:      layout_rooms, hellmonk_ecumenical_altar_slurped_away, minivault_24,
          kennysheep_big_empty_room, chequers_big_river,
          uniq_crazy_yiuf_cottage, uniq_sigmund, uniq_robin, uniq_jessica,
          uniq_grinder

Skill      XL: |  1  2  3 |
---------------+----------+-----
Shields        | 4 |  4.6
Fighting       | 4 |  4.1
Armour         | 4 |  4.4
Axes           | 3 |  3.4
Throwing       | |  0.3
Dodging        | |  0.2
Stealth        | |  0.5

Action                   |  1- 3 |  4- 6 || total
-------------------------+-------+-------++-------
Melee: War axe           |    78 |    37 ||   115
       Headbutt          |     9 |     3 ||    12
  Use: Scroll            |       |     1 ||     1
Armor: Scale mail        |    34 |    27 ||    61
Dodge: Dodged            |    29 |    13 ||    42
Block: Kite shield       |    48 |    24 ||    72

Table legend: (Time is in decaauts)
 A = Elapsed time spent in this place.
 B = Non-inter-level travel time spent in this place.
 C = Inter-level travel time spent in this place.
 D = Time resting spent in this place.
 E = Time spent auto-exploring this place.
 F = Levels seen in this place.
 G = Mean time per level.
                   A        B        C        D        E       F      G
               +--------+--------+--------+--------+--------+-----+--------+
         Total |   1846 |   1800 |     46 |      0 |   1479 |   3 |  615.3 |
       Dungeon |   1846 |   1800 |     46 |      0 |   1479 |   3 |  615.3 |
               +--------+--------+--------+--------+--------+-----+--------+

Top non-repeatable levels by time:
     D:1: 945 daAuts
     D:2: 842 daAuts
     D:3: 59 daAuts
